PIO (24 & UNDER)
SALEM SLEDGEHAMMERS @ CHULA VISTA TACOS
09/18/2023
 
TOP OF THE 1ST
Salem Sledgehammers batting - Pitching for Chula Vista Tacos : RHP Doug Singleton
Pitching: RHP Doug Singleton
Batting: RHB William Richardson 0-0: Ball
1-0: Called Strike
1-1: Ball
2-1: Ball
3-1: Foul Ball, location: 2F
3-2: Base on Balls
Batting: RHB Brandon Pope 0-0: Fielders Choice at 2nd, 1-6 (Groundball, 13S)
Batting: LHB Brent Alonzo 0-0: Ball
1-0: 2-RUN HOME RUN (Flyball, 9D), Distance : 412 ft
Batting: RHB Benjamin Lawson 0-0: Ball
1-0: Foul Ball, location: 2F
1-1: Ball
2-1: Ball
3-1: Called Strike
3-2: SINGLE (Line Drive, 4MD)
Batting: SHB Pepe Piña 0-0: Ball
1-0: Called Strike
1-1: Ground out 6-3 (Groundball, 6MS)
Benjamin Lawson to second
Batting: RHB B.J. Allen 0-0: Called Strike
0-1: Swinging Strike
0-2: Foul Ball, location: 2F
0-2: Ball
1-2: Ball
2-2: Strikes out swinging
Top of the 1st over - 2 run(s), 2 hit(s), 0 error(s), 1 left on base; Salem 2 - Chula Vista 0
BOTTOM OF THE 1ST
Chula Vista Tacos batting - Pitching for Salem Sledgehammers : LHP Carlos Castillo
Pitching: LHP Carlos Castillo
Batting: RHB Jorge Collazo 0-0: Ball
1-0: TRIPLE (Line Drive, 9LS)
Batting: LHB Alberto Santos 0-0: Foul Ball, location: 2F
0-1: Ground out 4-3 (Groundball, 4M)
Jorge Collazo scores
Batting: SHB Adrián Nieto 0-0: Swinging Strike
0-1: Foul Ball, location: 2F
0-2: Ball
1-2: Foul Ball, location: 2F
1-2: Strikes out swinging
Batting: LHB Ken Phillips 0-0: Ball
1-0: Swinging Strike
1-1: Ball
2-1: Foul Ball, location: 2F
2-2: Strikes out swinging
Bottom of the 1st over - 1 run(s), 1 hit(s), 0 error(s), 0 left on base; Salem 2 - Chula Vista 1
TOP OF THE 2ND
Salem Sledgehammers batting - Pitching for Chula Vista Tacos : RHP Doug Singleton
Batting: RHB Dale Reeves 0-0: Swinging Strike
0-1: Foul Ball, location: 2F
0-2: Strikes out swinging
Batting: LHB Nathan Frey 0-0: Ball
1-0: Fly out, F8 (Flyball, 8RM)
Batting: LHB José Rivera 0-0: Called Strike
0-1: Ball
1-1: Ball
2-1: Called Strike
2-2: Strikes out looking
Top of the 2nd over - 0 run(s), 0 hit(s), 0 error(s), 0 left on base; Salem 2 - Chula Vista 1
BOTTOM OF THE 2ND
Chula Vista Tacos batting - Pitching for Salem Sledgehammers : LHP Carlos Castillo
Batting: RHB Manny Torrez 0-0: Ball
1-0: Swinging Strike
1-1: Called Strike
1-2: Ball
2-2: Strikes out swinging
Batting: RHB Ryan Cates 0-0: Called Strike
0-1: Ground out 5-3 (Groundball, 56)
Batting: LHB Ray Bryant 0-0: Ball
1-0: Ball
2-0: Ball
3-0: Called Strike
3-1: DOUBLE (Line Drive, 7LS)
Batting: RHB Doug Brown 0-0: Called Strike
0-1: TRIPLE (Line Drive, 78XD)
Ray Bryant scores
Batting: LHB Jaime Icaza 0-0: Ball
1-0: Ground out 4-3 (Groundball, 4)
Bottom of the 2nd over - 1 run(s), 2 hit(s), 0 error(s), 1 left on base; Salem 2 - Chula Vista 2
TOP OF THE 3RD
Salem Sledgehammers batting - Pitching for Chula Vista Tacos : RHP Doug Singleton
Batting: RHB William Richardson 0-0: Ball
1-0: Swinging Strike
1-1: Swinging Strike
1-2: Ball
2-2: Fly out, F9 (Flyball, 9LM)
Batting: RHB Brandon Pope 0-0: Swinging Strike
0-1: Foul Ball, location: 2F
0-2: Ball
1-2: Ball
2-2: Fly out, F5 (Popup, 15S)
Batting: LHB Brent Alonzo 0-0: SINGLE (Groundball, 6S)
Batting: RHB Benjamin Lawson 0-0: Ball
1-0: Fly out, F4 (Popup, 4D)
Top of the 3rd over - 0 run(s), 1 hit(s), 0 error(s), 1 left on base; Salem 2 - Chula Vista 2
BOTTOM OF THE 3RD
Chula Vista Tacos batting - Pitching for Salem Sledgehammers : LHP Carlos Castillo
Batting: RHB Jorge Collazo 0-0: Ball
1-0: Foul Ball, location: 2F
1-1: Ball
2-1: Called Strike
2-2: Ground out 4-3 (Groundball, 4)
Batting: LHB Alberto Santos 0-0: Ball
1-0: Ball
2-0: Fly out, F5 (Popup, 5F)
Batting: SHB Adrián Nieto 0-0: Ball
1-0: Reached on error, E5 (Groundball, 56)
Batting: LHB Ken Phillips 0-0: Called Strike
0-1: Foul Ball, location: 2F
0-2: SINGLE (Groundball, 25) (infield hit)
Adrián Nieto to second
Batting: RHB Manny Torrez 0-0: Reached on error, E6 (Groundball, 6M)
Adrián Nieto to third
Ken Phillips to second
Batting: RHB Ryan Cates 0-0: Ball
1-0: Called Strike
1-1: SINGLE (Groundball, 6M)
Adrián Nieto scores
Ken Phillips to third
Manny Torrez to second
Runner from 3rd tries for Home, SAFE, throw made home
Manny Torrez to third
Ryan Cates to second
Batting: LHB Ray Bryant 0-0: Ball
1-0: Called Strike
1-1: Called Strike
1-2: Ball
2-2: Strikes out swinging
Bottom of the 3rd over - 2 run(s), 2 hit(s), 2 error(s), 2 left on base; Salem 2 - Chula Vista 4
TOP OF THE 4TH
Salem Sledgehammers batting - Pitching for Chula Vista Tacos : RHP Doug Singleton
Batting: SHB Pepe Piña 0-0: Ball
1-0: Foul Ball, location: 2F
1-1: Foul Ball, location: 2F
1-2: Strikes out looking
Batting: RHB B.J. Allen 0-0: Ball
1-0: Called Strike
1-1: Foul Ball, location: 2F
1-2: Strikes out swinging
Batting: RHB Dale Reeves 0-0: Ball
1-0: Foul Ball, location: 2F
1-1: Swinging Strike
1-2: Ball
2-2: Strikes out swinging
Top of the 4th over - 0 run(s), 0 hit(s), 0 error(s), 0 left on base; Salem 2 - Chula Vista 4
BOTTOM OF THE 4TH
Chula Vista Tacos batting - Pitching for Salem Sledgehammers : LHP Carlos Castillo
Batting: RHB Doug Brown 0-0: Foul Ball, location: 2F
0-1: Ball
1-1: Ground out 4-3 (Groundball, 4)
Batting: LHB Jaime Icaza 0-0: Ball
1-0: Called Strike
1-1: Swinging Strike
1-2: Ball
2-2: Strikes out swinging
Batting: RHB Jorge Collazo 0-0: Called Strike
0-1: Called Strike
0-2: Ball
1-2: SINGLE (Line Drive, 34)
Batting: LHB Alberto Santos 0-0: Ball
1-0: Called Strike
1-1: Fly out, F9 (Flyball, 89M)
Bottom of the 4th over - 0 run(s), 1 hit(s), 0 error(s), 1 left on base; Salem 2 - Chula Vista 4
TOP OF THE 5TH
Salem Sledgehammers batting - Pitching for Chula Vista Tacos : RHP Doug Singleton
Batting: LHB Nathan Frey 0-0: SINGLE (Groundball, 4M)
Batting: LHB José Rivera 0-0: Ball
1-0: Swinging Strike
1-1: Ball
2-1: Swinging Strike
2-2: Ball
3-2: Strikes out swinging
Batting: RHB William Richardson 0-0: Ball
1-0: Ball
2-0: Called Strike
2-1: Ball
3-1: Base on Balls
Nathan Frey to second
Batting: RHB Brandon Pope 0-0: Ball
1-0: Called Strike
1-1: Called Strike
1-2: Strikes out swinging
Batting: LHB Brent Alonzo 0-0: Ball
1-0: Ball
2-0: Foul Ball, location: 2F
2-1: Called Strike
2-2: Strikes out swinging
Top of the 5th over - 0 run(s), 1 hit(s), 0 error(s), 2 left on base; Salem 2 - Chula Vista 4
BOTTOM OF THE 5TH
Chula Vista Tacos batting - Pitching for Salem Sledgehammers : LHP Carlos Castillo
Batting: SHB Adrián Nieto 0-0: Ball
1-0: Ball
2-0: Swinging Strike
2-1: Foul Ball, location: 2F
2-2: Ball
3-2: Ground out 5-3 (Groundball, 56)
Batting: LHB Ken Phillips 0-0: Ball
1-0: Ball
2-0: Foul Ball, location: 2F
2-1: Foul Ball, location: 2F
2-2: Ground out 4-3 (Groundball, 4)
Batting: RHB Manny Torrez 0-0: Called Strike
0-1: Ball
1-1: Ball
2-1: Swinging Strike
2-2: Strikes out swinging
Bottom of the 5th over - 0 run(s), 0 hit(s), 0 error(s), 0 left on base; Salem 2 - Chula Vista 4
TOP OF THE 6TH
Salem Sledgehammers batting - Pitching for Chula Vista Tacos : RHP Doug Singleton
Pitching: RHP Jody Clemente
Batting: RHB Benjamin Lawson 0-0: Ball
1-0: SINGLE (Groundball, 4MD)
Batting: SHB Pepe Piña 0-0: Called Strike
Benjamin Lawson steals 2nd base
0-1: Foul Ball, location: 2F
0-2: Ball
1-2: Strikes out swinging
Batting: RHB B.J. Allen 0-0: Called Strike
0-1: Ball
1-1: Foul Ball, location: 2F
1-2: Foul Ball, location: 2F
1-2: Foul Ball, location: 2F
1-2: Foul Ball, location: 2F
1-2: Ground out 6-3 (Groundball, 6M)
Benjamin Lawson to third
Batting: RHB Dale Reeves 0-0: Swinging Strike
0-1: Ball
1-1: Called Strike
1-2: Ball
2-2: Foul Ball, location: 2F
2-2: Strikes out swinging
Top of the 6th over - 0 run(s), 1 hit(s), 0 error(s), 1 left on base; Salem 2 - Chula Vista 4
BOTTOM OF THE 6TH
Chula Vista Tacos batting - Pitching for Salem Sledgehammers : LHP Carlos Castillo
Batting: RHB Ryan Cates 0-0: Swinging Strike
0-1: Ball
1-1: Ball
2-1: Ball
3-1: Swinging Strike
3-2: Base on Balls
Pitching: RHP Guillermo Martínez
Batting: LHB Ray Bryant 0-0: Ball
1-0: Called Strike
1-1: Ball
2-1: SINGLE (Groundball, 34D)
Ryan Cates to second
Throwing error, E9
Ryan Cates scores
Ray Bryant to second
Batting: RHB Doug Brown 0-0: Ball
1-0: Ball
2-0: Called Strike
2-1: DOUBLE (Line Drive, 5D)
Ray Bryant scores
Batting: LHB Jaime Icaza 0-0: Swinging Strike
0-1: Called Strike
0-2: Ball
1-2: Foul Ball, location: 2F
1-2: Strikes out swinging
Batting: RHB Jorge Collazo 0-0: Intentional Walk
Batting: LHB Alberto Santos 0-0: Called Strike
0-1: Ball
1-1: Swinging Strike
1-2: Foul Ball, location: 2F
1-2: Ball
2-2: Foul Ball, location: 2F
2-2: Strikes out looking
Batting: SHB Adrián Nieto 0-0: SINGLE (Flyball, 8RS)
Doug Brown to third
Jorge Collazo to second
Runner from 3rd tries for Home, SAFE, no throw or cutoff
Batting: LHB Ken Phillips 0-0: Fly out, F9 (Flyball, 9LM)
Bottom of the 6th over - 3 run(s), 3 hit(s), 1 error(s), 2 left on base; Salem 2 - Chula Vista 7
TOP OF THE 7TH
Salem Sledgehammers batting - Pitching for Chula Vista Tacos : RHP Jody Clemente
Batting: LHB Nathan Frey 0-0: Ball
1-0: Swinging Strike
1-1: Swinging Strike
1-2: Ground out U3 (Groundball, 3)
Batting: LHB José Rivera 0-0: Called Strike
0-1: Foul Ball, location: 2F
0-2: Strikes out swinging
Batting: RHB William Richardson 0-0: Called Strike
0-1: Ball
1-1: Foul Ball, location: 2F
1-2: Ball
2-2: Foul Ball, location: 2F
2-2: Strikes out looking
Top of the 7th over - 0 run(s), 0 hit(s), 0 error(s), 0 left on base; Salem 2 - Chula Vista 7
BOTTOM OF THE 7TH
Chula Vista Tacos batting - Pitching for Salem Sledgehammers : RHP Guillermo Martínez
Batting: RHB Manny Torrez 0-0: Ball
1-0: Ball
2-0: Ball
3-0: Called Strike
3-1: Swinging Strike
3-2: Strikes out swinging
Batting: RHB Ryan Cates 0-0: Ball
1-0: Swinging Strike
1-1: Ball
2-1: Foul Ball, location: 2F
2-2: Foul Ball, location: 2F
2-2: Strikes out looking
Batting: LHB Ray Bryant 0-0: Foul Ball, location: 2F
0-1: Ball
1-1: Swinging Strike
1-2: Ball
2-2: Strikes out swinging
Bottom of the 7th over - 0 run(s), 0 hit(s), 0 error(s), 0 left on base; Salem 2 - Chula Vista 7
TOP OF THE 8TH
Salem Sledgehammers batting - Pitching for Chula Vista Tacos : RHP Jody Clemente
Pitching: LHP Jerry Green
Now at 3B: Brian Price
Batting: RHB Brandon Pope 0-0: Called Strike
0-1: Foul Ball, location: 2F
0-2: Fly out, F7 (Flyball, 7D)
Batting: LHB Brent Alonzo 0-0: Called Strike
0-1: Called Strike
0-2: Fly out, F5 (Popup, 5DF)
Batting: RHB Benjamin Lawson 0-0: Foul Ball, location: 2F
0-1: Ball
1-1: Ball
2-1: SINGLE (Line Drive, 56D)
Batting: SHB Pepe Piña 0-0: Ball
1-0: 2-RUN HOME RUN (Flyball, 7D), Distance : 394 ft
Batting: RHB B.J. Allen 0-0: Called Strike
0-1: Ball
1-1: Foul Ball, location: 2F
1-2: Foul Ball, location: 2F
1-2: Strikes out swinging
Top of the 8th over - 2 run(s), 2 hit(s), 0 error(s), 0 left on base; Salem 4 - Chula Vista 7
BOTTOM OF THE 8TH
Chula Vista Tacos batting - Pitching for Salem Sledgehammers : RHP Guillermo Martínez
Pitching: RHP Carlos Morán
Batting: RHB Doug Brown 0-0: Called Strike
0-1: DOUBLE (Flyball, 89D)
Batting: LHB Jaime Icaza 0-0: Ball
1-0: Foul Ball, location: 2F
1-1: Foul Ball, location: 2F
1-2: Ball
2-2: Strikes out swinging
Batting: RHB Jorge Collazo 0-0: Intentional Walk
Pitching: LHP Allen Purss
Batting: LHB Alberto Santos 0-0: Grounds into double play, 4-6-3 (Groundball, 4)
Bottom of the 8th over - 0 run(s), 1 hit(s), 0 error(s), 1 left on base; Salem 4 - Chula Vista 7
TOP OF THE 9TH
Salem Sledgehammers batting - Pitching for Chula Vista Tacos : LHP Jerry Green
Pitching: RHP Manuel Ferreira
Batting: RHB Dale Reeves 0-0: Foul Ball, location: 2F
0-1: Foul Ball, location: 2F
0-2: Ball
1-2: Strikes out looking
Batting: LHB Nathan Frey 0-0: Ball
1-0: Swinging Strike
1-1: Ball
2-1: Called Strike
2-2: Foul Ball, location: 2F
2-2: Strikes out swinging
Batting: LHB José Rivera 0-0: Ball
1-0: Called Strike
1-1: Foul Ball, location: 2F
1-2: DOUBLE (Line Drive, 3D)
Batting: RHB William Richardson 0-0: Swinging Strike
0-1: Ball
1-1: Ball
2-1: Foul Ball, location: 2F
2-2: Ground out 6-3 (Groundball, 6M)
Top of the 9th over - 0 run(s), 1 hit(s), 0 error(s), 1 left on base; Salem 4 - Chula Vista 7
This league is powered by Out of the Park Baseball, the baseball management simulation game for PC, Mac and Linux
Wednesday, December 2nd, 2015 - OOTP Baseball 16.8 Build 38